 Dungeon Crawl Stone Soup version 0.26-a0-639-g72c4674329 (webtiles) character file.

Game seed: 4201931752767009946

6391 Apogee the Grappler (level 10, -1/107 HPs)
             Began as a Troll Berserker on Sept 25, 2020.
             Was a High Priest of Trog.
             Killed from afar by a rakshasa (21 damage)
             ... with a lance of force
             ... on level 11 of the Dungeon.
             The game lasted 00:08:27 (7091 turns).

Apogee the Grappler (Troll Berserker)               Turns: 7091, Time: 00:08:27

Health: -1/107     AC:  8    Str: 27    XL:     10   Next: 66%
Magic:  9/9        EV: 13    Int:  9    God:    Trog [*****.]
Gold:   578        SH:  0    Dex: 12    Spells: 9/9 levels left

rFire    . . .     SeeInvis .     - Unarmed
rCold    . . .     Faith    +   (no shield)
rNeg     + . .     Spirit   .   a - +0 animal skin
rPois    .         Reflect  .   g - +2 hat
rElec    .         Harm     .   (no cloak)
rCorr    .         Rampage  .   (gloves unavailable)
MR       .....                  (boots unavailable)
Stlth    +.........             b - amulet of faith {!P}
HPRegen  0.67/turn              A - ring of positive energy
MPRegen  0.11/turn              n - +6 ring of intelligence

@: berserk cooldown, slowed, very slow
A: large, unfitting armour, claws 3, regeneration 1, shaggy fur 1, tough skin 3
a: Berserk, Trog's Hand, Brothers in Arms, Renounce Religion


You were on level 11 of the Dungeon.
You worshipped Trog.
Trog was extremely pleased with you.
You visited 1 branch of the dungeon, and saw 10 of its levels.

You collected 578 gold pieces.

Inventory:

Missiles
 h - 54 poisoned darts
 i - 510 stones (quivered)
Armour
 a - a +0 animal skin (worn)
 g - a +2 hat (worn)
   (You found it on level 2 of the Dungeon)
Jewellery
 b - an amulet of faith (around neck) {!P}
   (You found it on level 1 of the Dungeon)
 n - a +6 ring of intelligence (right claw)
   (You found it on level 3 of the Dungeon)
 A - a ring of positive energy (left claw)
   (You found it on level 8 of the Dungeon)
 E - an uncursed ring of magical power {unknown}
   (You found it on level 9 of the Dungeon)
Wands
 c - a wand of disintegration (15)
   (You found it on level 5 of the Dungeon)
 t - a wand of flame (15)
   (You found it on level 6 of the Dungeon)
 u - a wand of paralysis (2)
   (You found it on level 7 of the Dungeon)
 x - a wand of acid (5)
   (You took it off Ijyb on level 3 of the Dungeon)
Scrolls
 d - 13 scrolls of identify {unknown}
 e - a scroll of random uselessness {unknown}
 k - 3 scrolls of enchant weapon {unknown}
 l - 4 scrolls of fog {unknown}
 m - 6 scrolls of teleportation {unknown}
 v - 2 scrolls of fear {unknown}
 w - 2 scrolls of remove curse {unknown}
 y - a scroll of brand weapon {unknown}
 z - a scroll of noise {unknown}
 B - 3 scrolls of magic mapping {unknown}
 D - a scroll of silence {unknown}
Potions
 f - 7 potions of curing {unknown}
 j - 3 potions of stabbing {unknown}
 o - 3 potions of lignification {unknown}
 p - 3 potions of flight {unknown}
 q - 2 potions of mutation {unknown}
 r - 2 potions of haste {unknown}
 s - 3 potions of heal wounds {unknown}
 C - a potion of degeneration {unknown}
 F - a potion of invisibility {unknown}


   Skills:
 * Level 9.1 Fighting
 + Level 4.4 Throwing
 + Level 6.6 Dodging
 + Level 9.4 Unarmed Combat


You had 9 spell levels left.
You didn't know any spells.
Your spell library was empty.

Dungeon Overview and Level Annotations

Branches:
Dungeon (9/15)             Temple (0/1) D:7            Lair (0/6) D:8
    Orc: D:9-12

Altars:
Dithmenos
Elyvilon
Makhleb
Ru

Annotations:
D:7 1 runed translucent door, Crazy Yiuf


Innate Abilities, Weirdness & Mutations

You are too large for most types of armour.
You have claws for hands.
Your natural rate of healing is unusually fast.
You are covered in fur. (AC +1)
You have extremely tough skin. (AC +3)


Message History

You mangle something!!
You hear a shout!
The shadow strikes at you from the darkness!
* * * LOW HITPOINT WARNING * * *
Reactivating autopickup.
A rakshasa comes into view. It is wielding a -2 long sword.
You scratch the shadow but do no damage.
Unknown command.
You mangle the shadow!!
You destroy the shadow!
Trog accepts your kill.
Your Fighting skill increases to level 9!
The rakshasa blinks!
You barely miss the adder. The adder bites you but does no damage.
Unknown command.
You barely miss the adder.
Okay, then.
You mangle the adder!!
You kill the adder!
Trog accepts your kill.
A cyclops comes into view.
Things that are here:
a +0 troll leather armour; a troll corpse Unknown command.
You mangle the cyclops!!
The cyclops hits you but does no damage.
Unknown command.
You claw the cyclops!
A cyan ugly thing comes into view.
You mangle the cyclops!!
You kill the cyclops!
Trog accepts your kill.
You feel a strong urge to attack something.
You are no longer berserk.
You are exhausted.
You feel yourself slow down.
The rakshasa weaves an illusion.
Your ogre goes berserk!
The rakshasa weaves an illusion.
You swap places.
The rakshasa drinks a potion.
The rakshasa suddenly seems more resistant.
Your ogre closely misses the rakshasa.
Your ogre hits the rakshasa with a +0 giant club!
The rakshasa blinks!
The rakshasa hits you with a cursed -2 long sword.
* * * LOW HITPOINT WARNING * * *
Okay, then.
The rakshasa gestures at you. The lance of force hits you!!
You die...

...#...
#'.(# #[#
#R# #.#
#####u#####
#..[#..O.R#
#.#.#####.#
#.#...#.@.#
#.###†#.###
..#.....#
###.#.###
...#[. #.#
### #. #


You could see a rakshasa (resistant).

Vanquished Creatures
  An unseen horror (D:11)
  A cyclops (D:11)
  A manticore (D:11)
  The ghost of PanSaczeczos the Skirmisher, a novice MiIE of Yredelemnul (D:5)
  A troll (D:11)
  3 hippogriffs
  A shadow (D:11)
  Menkaure (D:6)
  A water moccasin (D:8)
  2 ice beasts
  2 orc warriors
  A black bear (D:6)
  2 phantoms (D:5)
  7 centaurs
  3 ogres
  A big kobold (D:9)
  Blork the orc (D:5)
  4 bullfrogs
  5 scorpions
  5 wights
  A howler monkey (D:4)
  A centaur zombie (D:8)
  A bullfrog zombie (D:6)
  5 hounds
  5 orc priests
  A bullfrog skeleton (D:9)
  4 iguanas
  Ijyb (D:3)
  11 orc wizards
  7 worker ants
  A killer bee zombie (D:8)
  4 worker ant zombies
  7 gnolls
  12 adders
  A shadow imp (D:8)
  6 white imps
  An ufetubus (D:6)
  2 oozes
  5 worms
  A dart slug (D:2)
  4 leopard geckos
  24 orcs
  4 giant cockroaches
  6 goblins
  5 hobgoblins
  7 jackals
  2 quokkas
  5 bats
  3 frilled lizards
  12 kobolds
  8 rats
201 creatures vanquished.

Vanquished Creatures (others)
  A withered plant (D:8)
1 creature vanquished.

Grand Total: 202 creatures vanquished

Notes
Turn   | Place    | Note
-------+----------+-------------------------------------------
     0 | D:1      | Apogee the Troll Berserker began the quest for the Orb.
     0 | D:1      | Reached XP level 1. HP: 22/22 MP: 0/0
   153 | D:1      | Reached XP level 2. HP: 29/29 MP: 1/1
   254 | D:1      | Found a white marble altar of Elyvilon.
   672 | D:2      | Reached XP level 3. HP: 36/36 MP: 2/2
   760 | D:2      | Reached ** piety under Trog
   765 | D:2      | Reached XP level 4. HP: 16/45 MP: 3/3
  1491 | D:3      | Reached XP level 5. HP: 53/53 MP: 4/4
  1614 | D:3      | Noticed Ijyb
  1622 | D:3      | Killed Ijyb
  1868 | D:3      | Found a sacrificial altar of Ru.
  1869 | D:3      | Found a burning altar of Makhleb.
  2026 | D:4      | Reached XP level 6. HP: 59/62 MP: 5/5
  2040 | D:4      | Reached skill level 5 in Unarmed Combat
  2331 | D:4      | Noticed an orc warrior
  2344 | D:4      | Killed an orc warrior
  2344 | D:4      | Reached XP level 7. HP: 71/71 MP: 6/6
  2346 | D:4      | Reached *** piety under Trog
  2667 | D:5      | Entered Level 5 of the Dungeon
  2686 | D:5      | Reached skill level 5 in Fighting
  2739 | D:5      | Noticed PanSaczeczos's ghost (novice MiIE)
  2750 | D:5      | Found a runed translucent door.
  2773 | D:5      | Killed PanSaczeczos's ghost
  2773 | D:5      | Reached XP level 8. HP: 83/83 MP: 7/7
  3034 | D:5      | Noticed Blork the orc
  3057 | D:5      | Killed Blork the orc
  3380 | D:5      | Reached skill level 5 in Dodging
  3380 | D:5      | Reached XP level 9. HP: 92/92 MP: 8/8
  3679 | D:6      | Reached skill level 1 in Throwing
  3699 | D:6      | Reached **** piety under Trog
  3994 | D:6      | Noticed Menkaure
  4122 | D:6      | Killed Menkaure
  4887 | D:7      | Found a runed translucent door.
  4888 | D:7      | Noticed Crazy Yiuf
  4985 | D:7      | Found a staircase to the Ecumenical Temple.
  5552 | D:8      | Found a staircase to the Lair.
  5675 | D:8      | Found a shadowy altar of Dithmenos.
  5692 | D:8      | Reached ***** piety under Trog
  5726 | D:8      | Found a burning altar of Makhleb.
  5978 | D:8      | Reached XP level 10. HP: 104/104 MP: 9/9
  6982 | D:9      | You fall into a shaft and drop 2 floors!
  7051 | D:11     | Noticed a manticore
  7058 | D:11     | Killed a manticore
  7062 | D:11     | Killed an unseen horror
  7073 | D:11     | Noticed a rakshasa
  7078 | D:11     | Noticed a cyclops
  7081 | D:11     | Noticed a cyan ugly thing
  7082 | D:11     | Killed a cyclops
  7091 | D:11     | Killed from afar by a rakshasa

Illustrated notes

Levels and vault maps discovered:
D:1:      grunt_arrival_crossed_arrows, layout_basic, kennysheep_flooded_box
D:2:      layout_loops_ring
D:3:      layout_loops_ring, gammafunk_temple_overflow_statue, uniq_ijyb
D:4:      layout_rooms, guppyfry_early_orc_mine
D:5:      minmay_chambers_of_fours, layout_rooms,
          hellmonk_ghost_happy_afterlife, uniq_blork_the_orc
D:6:      layout_cave_pods, uniq_menkaure
D:7:      layout_loops_ring, temple_hall_moat, uniq_crazy_yiuf_cottage
D:8:      layout_gridville, dpeg_oklobed_lair, basic_altar, serial_undead,
          serial_undead_e, serial_undead_c, serial_undead_e, serial_undead_e,
          makhleb_heckhound_becter
D:9:      minmay_spotlight, layout_stronghold
D:11:     minmay_the_grid_3x3 [minmay_the_grid_small_cups, minmay_the_grid_x,
          minmay_the_grid_embedded, minmay_the_grid_armoury,
          minmay_the_grid_tree, minmay_the_grid_dragon_a, minmay_the_grid_paths,
          minmay_the_grid_dragon_b, minmay_the_grid_prize_four_corners],
          layout_long_grid, orc_0_dummy, chequers_guarded_unrand_ignorance

Skill      XL: |  1  2  3  4  5  6  7  8  9 10 |
---------------+-------------------------------+-----
Fighting       | 3 4 5 6 8 9 |  9.1
Unarmed Combat | 4 5 7 8 9 |  9.4
Dodging        | 3 4 5 6 |  6.6
Throwing       | 3 4 |  4.4

Action                   |  1- 3 |  4- 6 |  7- 9 | 10-12 || total
-------------------------+-------+-------+-------+-------++-------
Melee: Unarmed           |    88 |   116 |   303 |    98 ||   605
       Punch             |       |       |    11 |     7 ||    18
Throw: Stone             |       |       |     5 |       ||     5
Invok: Berserk           |     1 |     3 |     3 |     1 ||     8
       Trog's Hand       |       |       |     1 |       ||     1
       Brothers in Arms  |       |       |       |     1 ||     1
 Stab: Sleeping          |       |       |     1 |       ||     1
Armor: Animal skin       |    26 |    38 |    76 |    27 ||   167
Dodge: Dodged            |    34 |    54 |   157 |    48 ||   293

Table legend: (Time is in decaauts)
 A = Elapsed time spent in this place.
 B = Non-inter-level travel time spent in this place.
 C = Inter-level travel time spent in this place.
 D = Time resting spent in this place.
 E = Time spent auto-exploring this place.
 F = Levels seen in this place.
 G = Mean time per level.
                   A        B        C        D        E       F      G
               +--------+--------+--------+--------+--------+-----+--------+
         Total |   7057 |   6778 |    279 |    722 |   4789 |  10 |  705.7 |
       Dungeon |   7057 |   6778 |    279 |    722 |   4789 |  10 |  705.7 |
               +--------+--------+--------+--------+--------+-----+--------+

Top non-repeatable levels by time:
     D:6: 968 daAuts
     D:7: 915 daAuts
     D:5: 885 daAuts
     D:8: 763 daAuts
     D:9: 751 daAuts
     D:2: 706 daAuts
     D:3: 694 daAuts
     D:4: 678 daAuts
     D:1: 595 daAuts
    D:11: 98 daAuts
